 Dungeon Sprint DCSS version 0.25-a0-545-ge4db218afc (webtiles) character file.

Game seed: 9178652704460350958, levelgen mode: deterministic

674 ICC the Skirmisher (level 7, 51/72 HPs)
             Began as a Naga Monk on Feb 21, 2020.
             Was an Elder of Cheibriados.
             Quit the game in the Dungeon (Sprint V: "Ziggurat Sprint").
             The game lasted 00:05:19 (92 turns).

ICC the Skirmisher (Naga Monk)                        Turns: 92, Time: 00:05:20

Health: 51/72      AC: 19    Str: 34    XL:     7   Next: 59%
Magic:  2/11       EV:  8    Int: 20    God:    Cheibriados [****..]
Gold:   0          SH:  0    Dex: 24    Spells: 6/6 levels left

rFire    + + .     SeeInvis +   w - +8 lance "Wyrmbane" {slay drac, rPois rF+ rC+ AC+3}
rCold    + + .     Gourm    .   (no shield)
rNeg     . . .     Faith    .   j - +5 gold dragon scales
rPois    +         Spirit   .   (no helmet)
rElec    .         Reflect  .   (no cloak)
rCorr    .         Harm     .   (no gloves)
MR       .....     NoTele   +   (no barding)
Stlth    ..........             (no amulet)
HPRegen  0.22/turn              u - +6 ring of strength
MPRegen  0.12/turn              v - +6 ring of strength

@: very slow
A: large, see invisible, deformed body, poison resistance, slowness 2, slow
metabolism 1, spit poison 1, AC +2
a: Spit Poison, Bend Time, Temporal Distortion, Slouch, Renounce Religion


You were in the Dungeon.
You worshipped Cheibriados.
Cheibriados was greatly pleased with you.
You were not hungry.

You visited 1 branch

Inventory:

Hand Weapons
 k - a +5 demon trident
 s - a +0 spear
 w - the +8 lance "Wyrmbane" (weapon) {slay drac, rPois rF+ rC+ AC+3}
   (You found it in the Dungeon)

   It affects your AC (+3).
   It protects you from fire.
   It protects you from cold.
   It protects you from poison.
Armour
 b - a +0 robe
 j - +5 gold dragon scales (worn)
Magical Staves
 a - an uncursed staff of energy
Jewellery
 u - a +6 ring of strength (left hand)
 v - a +6 ring of strength (right hand)
Wands
 r - a wand of iceblast (3)
Scrolls
 i - 4 scrolls of blinking
Potions
 d - 10 potions of curing
 e - 10 potions of heal wounds
 f - a potion of haste
 g - 7 potions of magic
 h - a potion of berserk rage
 l - 2 potions of brilliance
 n - 2 potions of invisibility
 o - 5 potions of might
 p - 4 potions of resistance
 q - 5 potions of stabbing
Miscellaneous
 t - a crystal ball of energy
Comestibles
 c - 7 rations


   Skills:
 + Level 7.0 Fighting
 + Level 6.9 Polearms
 + Level 4.9 Armour
 + Level 5.8 Dodging
 - Level 3.1 Stealth
   Level 4.9 Shields
 + Level 6.4 Invocations
 + Level 5.9 Evocations


You had 6 spell levels left.
You didn't know any spells.
Your spell library was empty.

Dungeon Overview and Level Annotations

Branches:
Dungeon (1/1)

Altars:
Ashenzari
Cheibriados
Dithmenos
Elyvilon
Fedhas
Gozag
Hepliaklqana
Kikubaaqudgha
Makhleb
Nemelex Xobeh
Okawaru
Qazlal
Ru
Sif Muna
Trog
Uskayaw
Vehumet
Wu Jian
Xom
Yredelemnul
Zin
The Shining One
Beogh
Jiyva
Lugonu

Annotations:
D 1 transporter


Innate Abilities, Weirdness & Mutations

You cannot wear boots.
Your serpentine skin is tough. (AC +2)
You have supernaturally acute eyesight. (SInv)
Armour fits poorly on your strangely shaped body.
Your system is resistant to poisons. (rPois)
You cover ground very slowly.
You have a slow metabolism.
You can spit poison.


Message History

Your Fighting skill increases to level 7!
Your Invocations skill increases to level 6!
Unknown command.
Unknown command.
You start removing your armour.
You continue taking off the +18 shield of the Gong {rElec rN+ MR+ EV-5}. x4
You finish taking off the +18 shield of the Gong {rElec rN+ MR+ EV-5}.
You drop the +18 shield of the Gong {rElec rN+ MR+ EV-5}.
You stop training Shields.
Unknown command.
Unknown command.
Unknown command.
Unknown command.
Unknown command.
Unknown command.
No target in view!
Unknown command.
Unknown command.
You see here the cursed +0 eveningstar of Uskayaw's Castigation {flame, rF+}.
Are you sure you want to abandon this character and quit the game? (Confirm with "yes".)

▓▓▓▓▓▓▓▓▓▓▓▓▓
▓.8©8.▓.8©8.▓
▓.":).▓.....▓
▓.....▓.|.).▓
▓.....▓.....▓
▓.))..▓.....▓
▓..@..▓..©..▓
▓..©..▓▓▓▓▓▓▓
▓▓▓▓▓▓▓


There were no monsters in sight!

Vanquished Creatures
  3 merfolk (D)
  2 ball pythons (D)
5 creatures vanquished.

Notes
Turn   | Place    | Note
-------+----------+-------------------------------------------
     0 | D        | ICC the Naga Monk began the quest for the Orb.
     0 | D        | Reached XP level 1. HP: 21/21 MP: 1/1
    12 | D        | Found a blossoming altar of Fedhas.
    13 | D        | Found the +6 Majin-Bo {vamp, Archmagi MP+6 Int+6}
    13 | D        | Found the +7 great mace "Firestarter" {inner flame, rF++}
    13 | D        | Found a viscous altar of Jiyva.
    13 | D        | Found a hazy altar of Hepliaklqana.
    13 | D        | Found a transporter.
    13 | D        | Found an opulent altar of Gozag.
    13 | D        | Found an ancient bone altar of Kikubaaqudgha.
    13 | D        | Found a corrupted altar of Lugonu.
    18 | D        | Found a burning altar of Makhleb.
    19 | D        | Found a sacrificial altar of Ru.
    19 | D        | Found a stormy altar of Qazlal.
    19 | D        | Found a shimmering blue altar of Sif Muna.
    19 | D        | Found an iron altar of Okawaru.
    19 | D        | Found a bloodstained altar of Trog.
    19 | D        | Found a sparkling altar of Nemelex Xobeh.
    44 | D        | Became a worshipper of Cheibriados the Contemplative
    44 | D        | Reached * piety under Cheibriados
    44 | D        | Reached ** piety under Cheibriados
    56 | D        | Found the +6 shillelagh "Devastator" {shatter}
    56 | D        | Found the +11 plutonium sword {*Contam Stlth-}
    56 | D        | Found the +8 lance "Wyrmbane" {slay drac, rPois rF+ rC+
                  | AC+3}
    56 | D        | Found the +9 sword of Zonguldrok {reap}
    56 | D        | Found the cursed +13 scythe of Curses {drain, *Curse}
    56 | D        | Found the +0 sword of Power
    56 | D        | Found the +7 mace of Variability {chain chaos}
    56 | D        | Found the +7 Singing Sword {vorpal, sonic wave}
    56 | D        | Found the +8 storm bow {elec, penet}
    59 | D        | Found the +9 heavy crossbow "Sniper" {vorpal, Acc+∞ SInv}
    59 | D        | Found the +10 dark maul {vorpal}
    59 | D        | Found the +15 Maxwell's patent armour {-Cast -Tele rElec
                  | MR+ rCorr}
    59 | D        | Found the +18 shield of the Gong {rElec rN+ MR+ EV-5}
    59 | D        | Found the cursed +14 obsidian axe {vorpal, +Fly SInv
                  | *Curse}
    67 | D        | Entered arena 2.
    67 | D        | Found a transporter.
    76 | D        | Entered arena 3.
    76 | D        | Noticed a merfolk
    76 | D        | Noticed a merfolk
    76 | D        | Noticed a merfolk
    76 | D        | Found a transporter.
    77 | D        | Identified the cursed +0 eveningstar of Uskayaw's
                  | Castigation {flame, rF+}
    77 | D        | Reached skill level 4 in Fighting
    77 | D        | Reached skill level 1 in Armour
    77 | D        | Reached skill level 1 in Shields
    77 | D        | Reached XP level 2. HP: 30/30 MP: 1/3
    81 | D        | Killed a merfolk
    81 | D        | Reached *** piety under Cheibriados
    81 | D        | Reached skill level 5 in Fighting
    81 | D        | Reached skill level 5 in Polearms
    81 | D        | Reached XP level 3. HP: 40/40 MP: 1/6
    81 | D        | Reached XP level 4. HP: 48/48 MP: 1/7
    81 | D        | Reached XP level 5. HP: 55/55 MP: 1/8
    82 | D        | Killed a merfolk
    82 | D        | Reached skill level 6 in Fighting
    82 | D        | Reached skill level 5 in Dodging
    82 | D        | Reached skill level 5 in Invocations
    82 | D        | Reached skill level 5 in Evocations
    82 | D        | Reached XP level 6. HP: 42/63 MP: 1/10
    82 | D        | Reached XP level 7. HP: 47/70 MP: 1/11
    84 | D        | Killed a merfolk
    84 | D        | Reached **** piety under Cheibriados
    84 | D        | Reached skill level 7 in Fighting
    92 | D        | Quit the game

Levels and vault maps discovered:
D:        sprint_v [room_start, room_1, room_2, room_3, room_4, room_5, room_6,
          room_7, room_8, room_9, room_10, room_11, room_12, room_13, room_14,
          room_15, room_16, room_17, room_18, room_19, room_20, room_21,
          room_22, room_23, room_24, room_25, room_26, room_27]

Skill      XL: |  1  2  3  4  5  6  7 |
---------------+----------------------+-----
Fighting       | 4 5 6 7 |  7.0
Polearms       | 4 5 6 |  6.9
Armour         | 1 3 4 |  4.9
Dodging        | 3 4 5 |  5.8
Shields        | 1 3 4 |  4.9
Invocations    | 2 4 5 6 |  6.4
Evocations     | 2 4 5 |  5.9
Stealth        | |  3.1

Action                   |  1- 3 |  4- 6 |  7- 9 || total
-------------------------+-------+-------+-------++-------
Melee: Lance             |     3 |     1 |     2 ||     6
Evoke: Wand              |     3 |     1 |       ||     4
  Use: Potion            |     1 |       |       ||     1
Armor: Gold dragon scale |     1 |       |       ||     1
Block: Kite shield       |     6 |     1 |     2 ||     9

Table legend:
 A = Non-vault XP
 B = Vault XP
 C = Vault XP percentage of total XP
 D = Non-vault monster count
 E = Vault monster count
 F = Vault count percentage of total count
                 A         B        C        D         E       F
            +---------+---------+-------+---------+---------+-------
      Total |       0 |     950 | 100.0 |       0 |       5 | 100.0
            +---------+---------+-------+---------+---------+-------
          D |       0 |     950 | 100.0 |       0 |       5 | 100.0
            +---------+---------+-------+---------+---------+-------
